Match 46862670
Unlisted

Match 46862670
End
Vickers Machine Gun Team
Construct Section Command Post
Dingo Light Scout Car
ML 3-inch Mortar Team
Selects Australian Defense Battlegroup
Selects Australian Light Infantry Section
Infantry Section
Infantry Section
Construct Platoon Command Post
Unlock Bishop Self-propelled Artillery
Selects 2-pounder Anti-tank Gun Team
Bishop Self-propelled Artillery
Infantry Section
Bishop Self-propelled Artillery
6-pounder Anti-tank Gun Team
6-pounder Anti-tank Gun Team
Selects Vehicle Over Repair
Construct Company Command Post
Unlock M3 Grant Medium Tanks
Selects CMP 15cwt Supply Run
Selects Reinforced Resource Caches
M3 Grant Medium Tank
Light Vehicle Training
Armored Vehicle Training
CMP 15cwt Supply Run
M3 Grant Medium Tank
Selects Archer Tank Destroyer
Archer Tank Destroyer
Archer Tank Destroyer
UMirinBrah?
Ghost
GODOKGAME
Nithralder
Guacamole Stains
ㅁㅁㅁㅁㅁ
0
0

Comments sign in to comment!

No comments posted yet!